 Dungeon Crawl Stone Soup version 0.27-a0-412-g8dd771eca2 (webtiles) character file.

Game seed: 9036117570948550076

54 wampuh the Insei (level 3, -1/28 HPs)
             Began as a Draconian Transmuter on Feb 24, 2021.
             Slain by a scorpion (5 damage)
             ... on level 4 of the Dungeon.
             The game lasted 00:01:53 (1287 turns).

wampuh the Insei (Draconian Transmuter)             Turns: 1287, Time: 00:01:53

Health: -1/28      AC:  5    Str: 12    XL:     3   Next: 66%
Magic:  4/6        EV: 16    Int: 13    God:
Gold:   30         SH:  0    Dex: 12    Spells: 5/6 levels left

rFire    . . .     SeeInvis .     - Unarmed
rCold    . . .     Faith    .   (no shield)
rNeg     . . .     Spirit   .   (armour unavailable)
rPois    .         Reflect  .   (helmet currently unavailable)
rElec    .         Harm     .   (no cloak)
rCorr    .         Rampage  .   (no gloves)
Will     .....                  (boots currently unavailable)
Stlth    +.........             (no amulet)
HPRegen  0.09/turn              a - +4 ring of evasion
MPRegen  0.10/turn              (no ring)

@: appendages, very slightly contaminated, hasted, very quick
A: unfitting armour, horns 2, talons 2, cold-blooded, AC +5
a: End Transformation


You were on level 4 of the Dungeon.
You had grown temporary horns.
You had grown temporary talons.
You visited 1 branch of the dungeon, and saw 3 of its levels.

You collected 30 gold pieces.

Inventory:

Jewellery
 a - a +4 ring of evasion (left hand)
Scrolls
 c - a scroll of enchant weapon
 e - 2 scrolls of identify
Potions
 d - a potion of magic


   Skills:
 - Level 1.1 Fighting
 - Level 1.7 Dodging
 + Level 3.9 Unarmed Combat
 - Level 2.0 Spellcasting
 + Level 3.2 Transmutations


You had 5 spell levels left.
You knew the following spells:

 Your Spells              Type           Power        Failure   Level
a - Beastly Appendage     Tmut           18%          7%          1

Your spell library contained the following spells:

 Spells                   Type           Power        Failure   Level
 Wereblood                Tmut           9%           11%         2
 Spider Form              Tmut/Pois      2%           36%         3
 Ice Form                 Ice/Tmut       5%           78%         4
 Blade Hands              Tmut           4%           88%         5


Dungeon Overview and Level Annotations

Branches:
Dungeon (2/15)

Altars:


Innate Abilities, Weirdness & Mutations

Your plain brown scales are hard. (AC +5)
You cannot fit into any form of body armour.
You are cold-blooded and may be slowed by cold attacks.
You have a pair of horns on your head.
You have razor-sharp toenails.


Message History

The worker ant is lightly wounded.
The worker ant barely misses you.
You barely miss the worker ant. The scorpion barely misses you.
The orc priest casts a cantrip, but nothing happens.
The worker ant bites you.
* * * LOW HITPOINT WARNING * * *
You hit the worker ant.
The worker ant is lightly wounded.
You feel sick.
You hit the worker ant.
The worker ant is moderately wounded.
The worker ant closely misses you. The scorpion barely misses you.
You hit the worker ant but do no damage.
You claw the worker ant.
The worker ant is moderately wounded.
The worker ant closely misses you. The scorpion closely misses you.
You hit the worker ant.
The worker ant is severely wounded.
The worker ant closely misses you.
You are too injured to fight recklessly!
You are too injured to fight recklessly!
You hit the worker ant.
You kill the worker ant!
The scorpion stings you.
* * * LOW HITPOINT WARNING * * *
The orc wizard points at itself and mumbles some strange words.
The orc wizard flickers and vanishes!
Your Transmutations skill increases to level 3!
You hit the scorpion.
The scorpion is lightly wounded.
You hit the scorpion. Your kick misses the scorpion.
You tail-slap the scorpion, but do no damage.
The scorpion is moderately wounded.
The scorpion barely misses you. The orc barely misses you.
You closely miss the scorpion. Your kick misses the scorpion.
The scorpion is moderately wounded.
You feel sick.
You are no longer poisoned.
The scorpion stings you.
You die...

#...s..#
#.####...
#......# #..
....
#######.######
#. .###
#.......#
#######.###
#...# #oo.#
#os.# #@###
###


You could see a scorpion, an orc priest and 2 orcs.

Vanquished Creatures
  A worker ant (D:4)
  2 dart slugs (D:1)
  A ball python (D:1)
  2 giant cockroaches (D:1)
  3 goblins (D:1)
  4 hobgoblins (D:1)
  2 kobolds (D:1)
  7 bats
  A frilled lizard (D:1)
  4 rats
27 creatures vanquished.

Notes
Turn   | Place    | Note
-------+----------+-------------------------------------------
     0 | D:1      | wampuh the Draconian Transmuter began the quest for the
                  | Orb.
     0 | D:1      | Reached XP level 1. HP: 16/16 MP: 3/3
   319 | D:1      | Reached XP level 2. HP: 23/23 MP: 3/5
   880 | D:1      | Reached XP level 3. HP: 27/28 MP: 4/6
  1173 | D:2      | You fall into a shaft and drop 2 floors!
  1191 | D:4      | Noticed a scorpion
  1287 | D:4      | Slain by a scorpion

Illustrated notes

Levels and vault maps discovered:
D:1:      minmay_arrival_doors, layout_basic
D:2:      kennysheep_big_flooded_room, layout_basic, elyvilon_altar_4,
          grunt_temple_overflow_cloverleaf, minivault_25
D:4:      layout_basic, nemelex_xobeh_ov_fountains_minmay,
          grunt_temple_overflow_diamond, guppyfry_shop_venom

Skill      XL: |  1  2  3 |
---------------+----------+-----
Transmutations | 3 |  3.2
Fighting       | |  1.1
Dodging        | |  1.7
Unarmed Combat | |  3.9
Spellcasting   | |  2.0

Action                   || total
-------------------------++-------
Melee: Unarmed           ||    76
       Kick              ||    13
       Tailslap          ||     8
       Headbutt          ||     7
 Cast: Beastly Appendage ||    19
  Use: Scroll            ||     2
       Potion            ||     2
 Stab: Sleeping          ||     1
Armor: Skin              ||    11
Dodge: Dodged            ||    78

Table legend: (Time is in decaauts)
 A = Elapsed time spent in this place.
 B = Non-inter-level travel time spent in this place.
 C = Inter-level travel time spent in this place.
 D = Time resting spent in this place.
 E = Time spent auto-exploring this place.
 F = Levels seen in this place.
 G = Mean time per level.
                   A        B        C        D        E       F      G
               +--------+--------+--------+--------+--------+-----+--------+
         Total |   1276 |   1244 |     32 |      0 |   1012 |   3 |  425.3 |
       Dungeon |   1276 |   1244 |     32 |      0 |   1012 |   3 |  425.3 |
               +--------+--------+--------+--------+--------+-----+--------+

Top non-repeatable levels by time:
     D:1: 1111 daAuts
     D:4: 108 daAuts
     D:2: 56 daAuts
